 Dungeon Crawl Stone Soup version 0.19-a0-1127-gac58878 (webtiles) character file.

2172 4thArraOfDagon the Cleaver (level 9, -2/57 HPs)
             Began as a Gargoyle Berserker on Aug 12, 2016.
             Was a Believer of Trog.
             Slain by a yak (6 damage)
             ... on level 10 of the Dungeon.
             The game lasted 00:06:39 (1350 turns).

4thArraOfDagon the Cleaver (Gargoyle Berserker)     Turns: 1350, Time: 00:06:40

Health: -2/57      AC: 18    Str: 24    XL:     9   Next: 32%
Magic:  9/9        EV:  9    Int:  8    God:    Trog [**....]
Gold:   91         SH:  0    Dex:  9    Spells: 0 memorised, 8 levels left

rFire  . . .     SeeInvis .     g - +0 war axe (curse)
rCold  . . .     Gourm    .     m - +0 plate armour
rNeg   + . .     Faith    .     (no shield)
rPois  ∞         Spirit   .     (no helmet)
rElec  +         Dismiss  .     (no cloak)
rCorr  .         Reflect  .     (no gloves)
SustAt .         Harm     .     (no boots)
MR     .....                    d - amulet of rage
Stlth  ..........               (no ring)
                                (no ring)

@: exhausted, slowed, very slow
A: repulsion field 1, negative energy resistance 1, electricity resistance,
unbreathing, petrification resistance, rot immunity, AC +5
a: Berserk, Trog's Hand, Burn Spellbooks, Renounce Religion, Evoke Berserk Rage


You were on level 10 of the Dungeon.
You worshipped Trog.
Trog was pleased with you.
You were hungry.

You visited 1 branch of the dungeon, and saw 8 of its levels.

You collected 91 gold pieces.

Inventory:

Hand Weapons
 a - a +1 hand axe
 g - a cursed +0 war axe (weapon)
 i - a +3 war axe
 l - the +7 falchion of Reasmu Bamni {holy, +Rage MR+ Dex+2}
   (You found it on level 8 of the Dungeon)

   It has been blessed by the Shining One to cause great damage to the undead
   and demons.
   It affects your dexterity (+2).
   It affects your resistance to hostile enchantments.
   It lets you go berserk.
 n - the +5 scythe "Finisher" {speed, Str+3}
   (You found it on level 8 of the Dungeon)

   Attacks with this weapon are significantly faster.
   It affects your strength (+3).
Armour
 b - a +0 animal skin
 e - a +1 chain mail
 j - a +3 ring mail of cold resistance
 m - a +0 plate armour (worn)
Jewellery
 d - an amulet of rage (around neck)
 h - an uncursed amulet of dismissal
Scrolls
 k - a scroll of enchant armour
Comestibles
 c - 2 bread rations
 f - a meat ration
 o - 2 chunks of flesh


   Skills:
 + Level 7.3 Fighting
 * Level 8.3 Axes
 + Level 6.9 Armour
 - Level 1.5 Dodging


You had 8 spell levels left.
You didn't know any spells.

Dungeon Overview and Level Annotations

Branches:
Dungeon (10/15)              Lair (0/6) D:10
 Temple: D:4-7          Orc: D:9-12

Altars:
The Shining One

Annotations:
D:3 rlgrobin's ghost, amateur VSMo


Innate Abilities, Weirdness & Mutations

You are resistant to torment.
Your stone body is resilient. (AC +5)
You are immune to poison.
You resist negative energy. (rN+)
You are resistant to electric shocks. (rElec)
You can survive without breathing.
You are immune to petrification.
You are immune to rotting.
You are surrounded by a mild repulsion field. (EV +2)


Message History

You are no longer berserk.
You are exhausted.
You feel yourself slow down.
You are feeling hungry.
The komodo dragon closely misses you. The yak completely misses you.
The yak gores you! The yak closely misses you.
Unknown command.
Unknown command.
You bump into the rock wall.
You feel less confused.
The komodo dragon bites you but does no damage.
The yak misses you. The yak barely misses you. The yak gores you.
Unknown command.
Unknown command.
The komodo dragon bites you! The yak gores you.
* * * LOW HITPOINT WARNING * * *
The komodo dragon bites you!
* * * LOW HITPOINT WARNING * * *
The yak gores you.
You die...

#. ##.#######
.........# .........#
......$..# .........##
..>.....Y@#
.......YlY#
./.....).Y# #####
.......)†.########...#
.....................#
.###................)#
...................#
##...######.........##
..... #..........#


You could see a komodo dragon and 4 yaks.

Vanquished Creatures
  5 wraiths (D:8)
  A water moccasin (D:8)
  A sky beast (D:7)
  4 centaurs
  2 ogres
  A big kobold (D:7)
  2 giant frogs
  A gnoll sergeant (D:7)
  5 wights (D:9)
  A crimson imp (D:9)
  A jelly (D:9)
  2 orc wizards (D:3)
  2 worker ants
  2 hound zombies
  5 gnolls (D:7)
  An adder (D:10)
  A dart slug (D:2)
  A giant gecko (D:3)
  6 orcs
  A giant cockroach (D:1)
  2 goblins
  3 hobgoblins
  3 jackals (D:1)
  A ball python (D:1)
  2 bats
  2 giant newts
  3 kobolds
  A rat (D:1)
62 creatures vanquished.

Notes
Turn   | Place    | Note
-------+----------+-------------------------------------------
     0 | D:1      | 4thArraOfDagon the Gargoyle Berserker began the quest for the Orb.
     0 | D:1      | Reached XP level 1. HP: 14/14 MP: 1/1
   105 | D:1      | 4thArraOfDagon: lad d:1 ;D
   161 | D:1      | Reached XP level 2. HP: 19/19 MP: 2/2
   265 | D:1      | Reached skill level 3 in Axes
   339 | D:3      | Reached ** piety under Trog
   358 | D:3      | Found a glowing golden altar of the Shining One.
   467 | D:3      | Reached XP level 3. HP: 24/24 MP: 3/3
   503 | D:3      | Reached XP level 4. HP: 29/29 MP: 4/4
   588 | D:3      | Noticed rlgrobin's ghost (amateur VSMo)
   592 | D:3      | You fall through a shaft for 3 floors!
   640 | D:6      | Noticed a giant frog
   654 | D:6      | Killed a giant frog
   654 | D:6      | Reached skill level 4 in Axes
   654 | D:6      | Reached XP level 5. HP: 22/34 MP: 5/5
   701 | D:7      | Noticed an ice beast
   712 | D:8      | Noticed an ogre
   735 | D:8      | Got an ancient falchion
   739 | D:8      | Identified the +7 falchion of Reasmu Bamni {holy, +Rage MR+ Dex+2} (You found it on level 8 of the Dungeon)
   741 | D:8      | Noticed a water moccasin
   751 | D:8      | Killed an ogre
   751 | D:8      | Reached XP level 6. HP: 39/39 MP: 6/6
   757 | D:8      | Killed a water moccasin
   757 | D:8      | Reached skill level 5 in Fighting
   788 | D:8      | Reached skill level 5 in Axes
   792 | D:8      | Reached XP level 7. HP: 31/44 MP: 7/7
   841 | D:7      | Reached skill level 5 in Armour
   842 | D:7      | Reached skill level 6 in Axes
   868 | D:7      | Reached XP level 8. HP: 21/51 MP: 8/8
   883 | D:7      | Gained mutation: You are surrounded by a mild repulsion field. (EV +2) [mutagenic meat]
   923 | D:8      | Noticed a wraith
   938 | D:8      | Killed a wraith
   985 | D:8      | Noticed a wraith
   986 | D:8      | Noticed a wraith
  1007 | D:8      | Killed a wraith
  1007 | D:8      | Reached skill level 7 in Axes
  1011 | D:8      | Killed a wraith
  1018 | D:8      | Noticed a wraith
  1046 | D:8      | Killed a wraith
  1081 | D:8      | Noticed a wraith
  1108 | D:8      | Killed a wraith
  1108 | D:8      | Reached XP level 9. HP: 56/56 MP: 9/9
  1203 | D:9      | Reached skill level 8 in Axes
  1321 | D:10     | Entered Level 10 of the Dungeon
  1331 | D:10     | Found a staircase to the Lair.
  1332 | D:10     | Noticed a komodo dragon
  1341 | D:10     | RIP
  1350 | D:10     | Slain by a yak

Vault maps used:
D:1:      dpeg_arrival_rooms_b
D:2:      uniq_jessica, uniq_terence, uniq_robin
D:3:      tso_metal_star, hex_tiny, uniq_iyjb, uniq_crazy_yiuf_cottage
D:7:      kennysheep_mini_moat, grunt_livestock, uniq_prince_ribbit1
D:8:      minmay_guarded_unrand_finisher, uniq_gastronok
D:9:      david_orc_4, uniq_grum, uniq_pikel
D:10:     dpeg_lair_monsters, minmay_misc_feat_enclosed, hangedman_misty_isle

Skill      XL: |  1  2  3  4  5  6  7  8  9 |
---------------+----------------------------+-----
Axes           | 3 4 5 6 7 8 |  8.3
Fighting       | 4 5 6 7 |  7.3
Armour         | 3 4 5 6 |  6.9
Dodging        | |  1.5

Action                   |  1- 3 |  4- 6 |  7- 9 || total
-------------------------+-------+-------+-------++-------
Melee: Hand axe          |    77 |    60 |   165 ||   302
       War axe           |       |       |    37 ||    37
Invok: Berserk           |     1 |     1 |     7 ||     9
       Trog's Hand       |     2 |       |     5 ||     7
  Use: Scroll            |     5 |       |       ||     5
       Potion            |     1 |       |       ||     1
  Eat: Chunk             |       |     3 |     9 ||    12
       Royal jelly       |       |       |     1 ||     1
Armor: Chain mail        |    69 |    16 |       ||    85
       Animal skin       |     3 |       |       ||     3
       Ring mail         |       |    30 |       ||    30
       Plate armour      |       |       |   175 ||   175
Dodge: Dodged            |    43 |    45 |   113 ||   201
